 Dungeon Crawl Stone Soup version 0.26.0-16-gc1dbca0489 (webtiles) character file.

Game seed: 2073467044898575696

1263 vvl the Conjurer (level 8, 0/57 HPs)
             Began as a White Draconian Fire Elementalist on Jan 22, 2021.
             Slain by an orc warrior
             ... wielding a +0 dire flail
              (16 damage)
             ... on level 6 of the Dungeon.
             The game lasted 00:18:34 (6276 turns).

vvl the Conjurer (DrFE)                             Turns: 6276, Time: 00:18:35

Health: 0/57       AC:  7    Str: 12    XL:     8   Next: 27%
Magic:  1/14       EV: 12    Int: 17    God:
Gold:   230        SH:  0    Dex: 11    Spells: 8/15 levels left

rFire    . . .     SeeInvis .   p - staff of conjuration
rCold    + . .     Faith    .   (no shield)
rNeg     . . .     Spirit   .   (armour unavailable)
rPois    .         Reflect  .   (helmet restricted)
rElec    .         Harm     .   (no cloak)
rCorr    +         Rampage  .   z - +0 pair of gloves
Will     .....                  (no boots)
Stlth    ++........             j - amulet of regeneration
HPRegen  0.59/turn              u - ring of resist corrosion
MPRegen  0.14/turn              (no ring)

@: short of breath
A: breathe frost, unfitting armour, cold resistance 1, cold-blooded, AC +6
a: Breathe Frost


You were on level 6 of the Dungeon.
You visited 1 branch of the dungeon, and saw 6 of its levels.

You collected 230 gold pieces.

Inventory:

Hand Weapons
 o - a +2 short sword of protection
Missiles
 e - 62 bolts
Armour
 z - a +0 pair of gloves (worn)
 B - a +0 kite shield
Magical Staves
 p - an uncursed staff of conjuration (weapon)
Jewellery
 j - an amulet of regeneration (around neck)
 u - a ring of resist corrosion (left hand)
Wands
 n - a wand of flame (11)
 A - a wand of iceblast (4)
Scrolls
 a - 4 scrolls of remove curse {unknown}
 b - 2 scrolls of teleportation {unknown}
 g - 5 scrolls of amnesia {unknown}
 k - 2 scrolls of blinking {unknown}
 l - 6 scrolls of identify {unknown}
 m - 2 scrolls of fog {unknown}
 s - 4 scrolls of enchant armour {unknown}
 t - a scroll of magic mapping {unknown}
 x - 2 scrolls of immolation {unknown}
 y - 2 scrolls of fear {unknown}
 C - a scroll of enchant weapon {unknown}
Potions
 c - a potion of attraction {unknown}
 d - a potion of brilliance {unknown}
 f - 2 potions of haste {unknown}
 h - a potion of lignification {unknown}
 i - a potion of curing
 q - a potion of flight {unknown}
 r - 3 potions of degeneration {unknown}
 v - a potion of heal wounds {unknown}
 w - a potion of resistance {unknown}


   Skills:
 + Level 2.8 Staves
 - Level 1.7 Dodging
 - Level 1.7 Stealth
 + Level 2.0 Shields
 + Level 4.4 Spellcasting
 * Level 5.4 Conjurations
 + Level 4.7 Fire Magic
 + Level 2.8 Evocations


You had 8 spell levels left.
You knew the following spells:

 Your Spells              Type           Power        Failure   Level
a - Foxfire               Conj/Fire      100%         1%          1
b - Conjure Flame         Conj/Fire      31%          5%          3
c - Inner Flame           Hex/Fire       11%          17%         3

Your spell library contained the following spells:

 Spells                   Type           Power        Failure   Level
 Magic Dart               Conj           100%         1%          1
 Searing Ray              Conj           66%          2%          2
 Dazzling Flash           Conj/Hex       38%          14%         3
 Sticky Flame             Conj/Fire      31%          19%         4
 Blink                    Tloc           N/A          22%         2
 Call Imp                 Summ           3%           22%         2
 Slow                     Hex            3%           22%         2
 Mephitic Cloud           Conj/Pois/Air  14%          22%         3
 Fulminant Prism          Conj/Hex       9%           43%         4
 Iskenderun's Mystic Bla  Conj/Tloc      19%          43%         4
 Fireball                 Conj/Fire      15%          45%         5


Dungeon Overview and Level Annotations

Branches:
Dungeon (6/15)             Temple (0/1) D:5

Altars:
Xom


Innate Abilities, Weirdness & Mutations

You can breathe waves of freezing cold.
You can buffet flying creatures when you breathe cold.
Your icy white scales are hard. (AC +6)
You cannot fit into any form of body armour.
Your flesh is cold resistant. (rC+)
You are cold-blooded and may be slowed by cold attacks.


Message History

Confirm with . or Enter, or press ? or * to list all spells.
You feel a surge of power!
You conjure some foxfire!
The foxfire hits the orc warrior but does no damage.
The orc warrior is severely wounded.
The foxfire hits the orc warrior but does no damage.
The orc warrior is severely wounded.
The orc wizard hits you but does no damage.
The orc wizard points at you and mumbles some strange words.
The magic dart hits you but does no damage.
The orc warrior hits you with a +0 dire flail.
* * * LOW HITPOINT WARNING * * *
Casting: Foxfire (safe; 1% risk of failure)
Confirm with . or Enter, or press ? or * to list all spells.
You feel a surge of power!
You conjure some foxfire!
The foxfire hits the orc wizard.
You kill the orc wizard!
The foxfire hits the orc warrior.
The orc warrior is almost dead.
The orc warrior hits you with a +0 dire flail!
You die...

#... #........#
######## ###
#........#
#........#
#........#
#...)(...#
####)##### #.#
#######)#####
#......@o...#
#.....v.v...#####
#......ยง....'...#
#...........###.#
#...........# #.#
#...........# #.#
#.)(........# #.#
#...........# #.#
#...........# #.#


You could see an orc warrior.

Vanquished Creatures
  Sigmund (D:2)
  Duvessa (D:3)
  A phantom (D:4)
  A centaur (D:5)
  Blork the orc (D:5)
  Dowan (D:4)
  3 howler monkeys
  A bullfrog zombie (D:5)
  A centaur zombie (D:5)
  A hound (D:5)
  2 orc wizards
  3 orc priests
  A bullfrog skeleton (D:4)
  A jelly (D:6)
  An iguana (D:4)
  2 worker ants (D:5)
  2 hound zombies
  A gnoll (D:5)
  7 adders
  A howler monkey skeleton (D:4)
  A shadow imp (D:5)
  2 white imps (D:5)
  3 ufetubi
  2 worms
  2 dart slugs
  4 leopard geckos
  17 orcs
  3 ball pythons
  3 giant cockroaches
  7 goblins
  4 hobgoblins
  2 jackals (D:3)
  5 kobolds
  3 quokkas
  3 bats
  4 frilled lizards
  A quokka zombie (D:5)
99 creatures vanquished.

Vanquished Creatures (others)
  An orc wizard (D:5)
  331 foxfires
  6 plants (D:6)
338 creatures vanquished.

Grand Total: 437 creatures vanquished

Notes
Turn   | Place    | Note
-------+----------+-------------------------------------------
     0 | D:1      | vvl the Draconian Fire Elementalist began the quest for the
                  | Orb.
     0 | D:1      | Reached XP level 1. HP: 14/14 MP: 3/3
   227 | D:1      | Found a shimmering altar of Xom.
   278 | D:1      | Reached XP level 2. HP: 10/20 MP: 0/5
  1416 | D:2      | Reached XP level 3. HP: 26/26 MP: 0/6
  1587 | D:2      | Noticed Sigmund
  1596 | D:2      | Killed Sigmund
  1597 | D:2      | Reached skill level 2 in Conjurations
  1597 | D:2      | Reached XP level 4. HP: 22/33 MP: 0/8
  1597 | D:2      | Reached XP level 5. HP: 25/38 MP: 0/9
  1704 | D:2      | You fall into a shaft and drop 2 floors!
  1785 | D:4      | Reached skill level 3 in Conjurations
  2201 | D:3      | Reached XP level 6. HP: 30/45 MP: 6/11
  3391 | D:4      | Noticed Dowan
  3391 | D:4      | Noticed Duvessa
  3424 | D:5      | Entered Level 5 of the Dungeon
  3886 | D:3      | Learned a level 3 spell: Conjure Flame
  3890 | D:3      | Learned a level 3 spell: Inner Flame
  4046 | D:4      | Reached skill level 1 in Evocations
  4049 | D:4      | Reached skill level 1 in Staves
  4049 | D:4      | Reached skill level 5 in Fire Magic
  4151 | D:4      | Killed Dowan
  4239 | D:3      | Killed Duvessa
  4240 | D:3      | Reached skill level 4 in Conjurations
  4240 | D:3      | Your scales start taking on an icy white colour.
  4240 | D:3      | Reached XP level 7. HP: 29/50 MP: 8/12
  4240 | D:3      | Gained mutation: Your flesh is cold resistant. (rC+) [White
                  | Draconian growth]
  4847 | D:5      | Noticed Blork the orc
  4853 | D:5      | Killed Blork the orc
  5614 | D:5      | Reached skill level 5 in Conjurations
  5718 | D:5      | Reached skill level 1 in Shields
  5725 | D:5      | Reached XP level 8. HP: 42/57 MP: 3/14
  5929 | D:5      | Found a staircase to the Ecumenical Temple.
  6276 | D:6      | Slain by an orc warrior

Illustrated notes

Levels and vault maps discovered:
D:1:      psy_arrival_conway, layout_loops_ring, hangedman_decor_push,
          minmay_misc_feat_square, xom_teletrap_fun
D:2:      lemuel_upstairs_altar, layout_basic, corexii_hall_statues_l,
          uniq_sigmund
D:3:      layout_basic
D:4:      layout_loops_ring, uniq_duvessa
D:5:      layout_loops_ring, minmay_temple_entry_poolview,
          minmay_joined_circles, uniq_blork_the_orc
D:6:      wad_lake_hut, layout_basic, serial_shops, nicolae_shop_statue_plus,
          uniq_pikel

Skill      XL: |  1  2  3  4  5  6  7  8 |
---------------+-------------------------+-----
Spellcasting   | 3 4 |  4.4
Conjurations   | 2 3 4 5 |  5.4
Fire Magic     | 4 4 |  4.7
Evocations     | 1 2 |  2.8
Staves         | 1 2 |  2.8
Shields        | 1 2 |  2.0
Dodging        | |  1.7
Stealth        | |  1.7

Action                   |  1- 3 |  4- 6 |  7- 9 || total
-------------------------+-------+-------+-------++-------
Melee: Unarmed           |     9 |       |       ||     9
       Short sword       |    38 |    20 |       ||    58
       Tailslap          |     5 |     8 |    12 ||    25
       Staff             |       |    81 |   159 ||   240
 Cast: Foxfire           |    33 |    92 |    89 ||   214
       Conjure Flame     |       |     4 |       ||     4
 Abil: Breathe Frost     |       |       |     2 ||     2
  Use: Potion            |       |     1 |       ||     1
 Stab: Sleeping          |     3 |     1 |       ||     4
Armor: Skin              |    10 |    28 |    57 ||    95
Dodge: Dodged            |    28 |   104 |   135 ||   267
